 Dungeon Crawl Stone Soup version 0.25-a0-667-gb977e01cb5 (webtiles) character file.

Game seed: 5100256134183818176, levelgen mode: deterministic

1871 Serozin the Destroyer (level 8, 0/46 HPs)
             Began as a Deep Elf Conjurer on Mar 27, 2020.
             Was an Initiate of Sif Muna.
             Slain by a troll (15 damage)
             ... on level 6 of the Dungeon.
             The game lasted 00:11:39 (5493 turns).

Serozin the Destroyer (Deep Elf Conjurer)           Turns: 5493, Time: 00:11:40

Health: 0/46       AC:  5    Str:  5    XL:     8   Next: 90%
Magic:  8/22       EV: 13    Int: 23    God:    Sif Muna [......]
Gold:   291        SH:  0    Dex: 15    Spells: 12/24 levels left

rFire    . . .     SeeInvis .   t - +0 dagger (venom)
rCold    . . .     Gourm    .   (no shield)
rNeg     . . .     Faith    .   a - +0 robe
rPois    .         Spirit   .   b - +2 helmet
rElec    .         Reflect  .   (no cloak)
rCorr    .         Harm     .   (no gloves)
MR       .....                  (no boots)
Stlth    +++.......             (no amulet)
HPRegen  0.15/turn              n - ring of stealth
MPRegen  0.18/turn              (no ring)

@: no status effects
A: no striking features
a: Renounce Religion


You were on level 6 of the Dungeon.
You worshipped Sif Muna.
Sif Muna was noncommittal.
You were not hungry.

You visited 2 branches of the dungeon, and saw 7 of its levels.

You collected 291 gold pieces.

Inventory:

Hand Weapons
 p - a +0 dagger
 t - a +0 dagger of venom (weapon)
Armour
 a - a +0 robe (worn)
 b - a +2 helmet (worn)
Jewellery
 i - an uncursed ring of resist corrosion {unknown}
 n - a ring of stealth (left hand)
Wands
 m - a wand of paralysis (19)
Scrolls
 d - a scroll of magic mapping {unknown}
 h - 5 scrolls of remove curse
 j - 3 scrolls of teleportation
 k - 2 scrolls of amnesia
 w - a scroll of identify
Potions
 e - 5 potions of mutation
 f - 5 potions of heal wounds
 g - 4 potions of curing {unknown}
 l - 2 potions of haste {unknown}
 o - 2 potions of stabbing {unknown}
 q - a potion of degeneration {unknown}
 s - 2 potions of invisibility {unknown}
 u - a potion of flight {unknown}
 v - a potion of might {unknown}
Comestibles
 c - 7 rations


   Skills:
 + Level 3.0 Fighting
 - Level 2.4 Dodging
 - Level 2.4 Stealth
 * Level 8.5 Spellcasting
 - Level 9.0 Conjurations
 - Level 5.0 Hexes
 + Level 3.7 Transmutations


You had 12 spell levels left.
You knew the following spells:

 Your Spells              Type           Power        Failure   Level  Hunger
a - Magic Dart            Conj           ####         1%          1    None
b - Searing Ray           Conj           ######       1%          2    None
c - Fulminant Prism       Conj/Hex       #####.....   3%          4    ##.....
d - Yara's Violent Unrav  Hex/Tmut       ####......   30%         5    #####..

Your spell library contained the following spells:

 Spells                   Type           Power        Failure   Level  Hunger
 Dazzling Flash           Conj/Hex       #####.       1%          3    None
 Confusing Touch          Hex            ####....     2%          3    None
 Iskenderun's Mystic Bla  Conj/Tloc      ####....     11%         4    ##.....
 Gell's Gravitas          Tloc           #.........   21%         3    None
 Petrify                  Tmut/Erth      ###.....     30%         4    ##.....
 Metabolic Englaciation   Hex/Ice        ###.......   54%         5    #####..


Dungeon Overview and Level Annotations

Branches:
Dungeon (6/15)             Temple (1/1) D:4

Altars:
Cheibriados
Dithmenos
Elyvilon
Fedhas
Nemelex Xobeh
Okawaru
Qazlal
Ru
Sif Muna
Trog
Uskayaw
Vehumet
Wu Jian
Xom
Yredelemnul
Zin

Shops:
D:4 **(}}

Annotations:
D:6 Dowan


Message History

The troll completely misses you. The troll claws you! The troll misses you.
The yak gores your fulminant prism.
The yak completely misses your fulminant prism.
Your fulminant prism crackles loudly.
The yak gores your fulminant prism but does no damage.
Your fulminant prism explodes!
The blast of energy engulfs the yak!!
You kill the yak!
Sif Muna accepts your kill.
Your Fighting skill increases to level 3!
The blast of energy engulfs the troll!
The troll is severely wounded.
Casting: Fulminant Prism (safe; 3% risk of failure)
Confirm with . or Enter, or press ? or * to list all spells.
Aiming: Fulminant Prism (safe; 3% risk of failure)
Press: ? - help, Dir - move target cursor You conjure a prism of explosive energy!
A fulminant prism comes into view.
The troll bites you!
You die...

...#......#########...# #.#
.....###.### ###.# #.#
.##...##...## #.###.#
.......###..###### #..##.#
...#.#.#.........# ##.##.###
..............[..# #....÷..#
...#.............# #.......#
...#.............####.......##
...#............@T...........#
.. .............*##...####...#
.. ..............##..## ...#
.. .............##..# ...#
####.............# ...#
.................# ..#
######..†........#
#8[(8##..#####....# 8..."8#..#
##......


You could see a troll and a friendly fulminant prism.

Vanquished Creatures
  A two-headed ogre (D:6)
  A yak (D:6)
  Menkaure (D:5)
  An ice beast (D:6)
  2 ogres
  A sky beast (D:4)
  2 centaurs
  A crimson imp (D:5)
  A hound (D:6)
  A gnoll shaman (D:6)
  2 bullfrog skeletons (D:4)
  Jessica (D:3)
  An iguana (D:4)
  Terence (D:2)
  A worker ant (D:4)
  Robin (D:4)
  3 gnolls (D:6)
  7 adders
  A shadow imp (D:6)
  3 worms
  A dart slug (D:3)
  2 orcs
  7 bats
  2 giant cockroaches (D:1)
  15 goblins
  11 hobgoblins
  8 jackals
  3 kobolds
  3 quokkas
  2 frilled lizards
  A jackal skeleton (D:6)
  A rat (D:2)
89 creatures vanquished.

Vanquished Creatures (others)
  21 fulminant prisms
21 creatures vanquished.

Grand Total: 110 creatures vanquished

Notes
Turn   | Place    | Note
-------+----------+-------------------------------------------
     0 | D:1      | Serozin the Deep Elf Conjurer began the quest for the Orb.
     0 | D:1      | Reached XP level 1. HP: 10/10 MP: 6/6
   204 | D:1      | Reached XP level 2. HP: 15/15 MP: 2/8
   537 | D:1      | Reached skill level 5 in Conjurations
   775 | D:2      | Reached XP level 3. HP: 19/19 MP: 6/10
  1483 | D:3      | Noticed Terence
  1569 | D:2      | Killed Terence
  1569 | D:2      | Reached XP level 4. HP: 15/24 MP: 4/12
  1673 | D:2      | Learned a level 2 spell: Searing Ray
  1678 | D:2      | Learned a level 4 spell: Fulminant Prism
  1770 | D:3      | Noticed an ogre
  1778 | D:3      | Killed an ogre
  1778 | D:3      | Reached skill level 6 in Conjurations
  1778 | D:3      | Reached XP level 5. HP: 28/28 MP: 4/13
  2067 | D:3      | Noticed Jessica
  2070 | D:3      | Killed Jessica
  2143 | D:3      | Found a white marble altar of Elyvilon.
  2235 | D:3      | Found a white marble altar of Elyvilon.
  2237 | D:3      | Found a shimmering altar of Xom.
  2237 | D:3      | Found a bloodstained altar of Trog.
  2239 | D:3      | Found a snail-covered altar of Cheibriados.
  2239 | D:3      | Found a hide-covered altar of Uskayaw.
  2239 | D:3      | Found a shimmering altar of Xom.
  2457 | D:4      | Noticed an ogre
  2471 | D:4      | Killed an ogre
  2471 | D:4      | Reached XP level 6. HP: 32/32 MP: 8/14
  2602 | D:4      | Reached skill level 7 in Conjurations
  2772 | D:4      | Found Fikett's General Store.
  2779 | D:4      | Noticed Robin
  2794 | D:4      | Killed Robin
  2935 | D:4      | Found Egog's Assorted Antiques.
  2984 | D:4      | Found a staircase to the Ecumenical Temple.
  2996 | Temple   | Entered the Ecumenical Temple
  3027 | Temple   | Became a worshipper of Sif Muna the Loreminder
  3165 | D:4      | Reached skill level 5 in Hexes
  3560 | D:4      | Noticed a sky beast
  3566 | D:4      | Killed a sky beast
  3566 | D:4      | Reached XP level 7. HP: 29/36 MP: 3/15
  3783 | D:4      | Found Xiygo's Gadget Shoppe.
  3806 | D:4      | Found Sithru's Gadget Boutique.
  3813 | D:4      | Found Meomne's Antique Weapon Emporium.
  3972 | D:5      | Entered Level 5 of the Dungeon
  4071 | D:5      | Reached skill level 8 in Conjurations
  4266 | D:5      | Found a shimmering blue altar of Sif Muna.
  4274 | D:5      | Noticed Menkaure
  4281 | D:5      | Killed Menkaure
  4508 | D:5      | Found a hide-covered altar of Uskayaw.
  4512 | D:5      | Noticed a +0 hand axe
  4512 | D:5      | Noticed a +0 hand axe
  4517 | D:5      | Reached skill level 9 in Conjurations
  4595 | D:5      | Found a shimmering altar of Xom.
  4634 | D:5      | Found a radiant altar of Vehumet.
  4636 | D:5      | Found a stormy altar of Qazlal.
  4968 | D:6      | Learned a level 5 spell: Yara's Violent Unravelling
  4990 | D:6      | Reached skill level 1 in Fighting
  4990 | D:6      | Reached skill level 5 in Spellcasting
  5118 | D:6      | Reached skill level 1 in Transmutations
  5151 | D:6      | Reached XP level 8. HP: 39/43 MP: 14/18
  5251 | D:6      | Found a large runed translucent door.
  5251 | D:6      | Noticed a two-headed ogre
  5252 | D:6      | Found a large runed translucent door.
  5289 | D:6      | Killed a two-headed ogre
  5354 | D:6      | Noticed Dowan
  5468 | D:6      | Noticed a troll
  5493 | D:6      | Slain by a troll

Levels and vault maps discovered:
D:1:      dpeg_arrival_tiny_c, layout_basic
D:2:      layout_basic, hex_medium
D:3:      layout_basic, nicolae_overflow_hidden_temple,
          ebering_dispersal_statue_hall, doesnt_xom_only_xom, uniq_terence,
          uniq_jessica
D:4:      layout_gridville, minmay_temple_entry_glass, serial_shops,
          shop_fountains, shop, shop, shop, kennysheep_mini, minmay_cut_off,
          uniq_robin
D:5:      layout_basic, gammafunk_temple_overflow_forgotten,
          dancing_weapons_uskayaw, basic_altar, first_ration,
          minmay_fountain_box, uniq_menkaure
D:6:      layout_rooms, makhleb_heckhound_becter, minmay_hollow_rounded_squares,
          uniq_duvessa
Temple:   minmay_temple_bridge_abc

Skill      XL: |  1  2  3  4  5  6  7  8 |
---------------+-------------------------+-----
Conjurations   | 5 6 7 9 |  9.0
Spellcasting   | 4 5 8 |  8.5
Hexes          | 2 4 5 |  5.0
Fighting       | 1 3 |  3.0
Transmutations | 1 3 |  3.7
Dodging        | |  2.4
Stealth        | |  2.4

Action                   |  1- 3 |  4- 6 |  7- 9 || total
-------------------------+-------+-------+-------++-------
Melee: Dagger            |       |     1 |     7 ||     8
 Cast: Magic Dart        |    66 |    94 |    66 ||   226
       Searing Ray       |       |     2 |     1 ||     3
       Fulminant Prism   |       |     6 |    16 ||    22
  Use: Scroll            |       |       |     7 ||     7
  Eat: Chunk             |     1 |     7 |     5 ||    13
       Ration            |       |       |     1 ||     1
Armor: Robe              |       |     7 |    10 ||    17
Dodge: Dodged            |     6 |    14 |    41 ||    61

Table legend:
 A = Non-vault XP
 B = Vault XP
 C = Vault XP percentage of total XP
 D = Non-vault monster count
 E = Vault monster count
 F = Vault count percentage of total count
                 A         B        C        D         E       F
            +---------+---------+-------+---------+---------+-------
      Total |    2012 |     661 |  24.7 |      71 |      18 |  20.2
            +---------+---------+-------+---------+---------+-------
        D:1 |      28 |       0 |   0.0 |      15 |       0 |   0.0
        D:2 |      37 |      36 |  49.3 |      13 |       1 |   7.1
        D:3 |     172 |      37 |  17.7 |      14 |       1 |   6.7
        D:4 |     297 |     162 |  35.3 |      11 |      13 |  54.2
        D:5 |     205 |     172 |  45.6 |       6 |       1 |  14.3
        D:6 |    1273 |     254 |  16.6 |      12 |       2 |  14.3
            +---------+---------+-------+---------+---------+-------
